TOP OF THE 1ST |
Panama City Piranhas batting - Pitching for Oakland Oaks : RHP José García
|
Pitching: RHP José García
|
|
Batting: RHB Juan Jose Ayala
|
0-0: Ball 1-0: Foul Ball, location: 2F 1-1: Ball 2-1: SINGLE (Line Drive, 7S)
|
Batting: LHB Herman Hayes
|
0-0: Called Strike 0-1: SINGLE (Line Drive, 78M) Juan Jose Ayala to second
|
Batting: RHB Cale Sutton
|
0-0: Ball 1-0: Ball 2-0: Foul Ball, location: 2F 2-1: Ball 3-1: Base on Balls Juan Jose Ayala to third Herman Hayes to second
|
Batting: LHB Robert Adams
|
0-0: Ball 1-0: Swinging Strike 1-1: Called Strike 1-2: Strikes out looking
|
Batting: LHB Sergio Muñóz
|
0-0: Called Strike 0-1: Fly out, F8 (Line Drive, 8LM) Runner from 3rd tags up, SCORES, no throw
|
Batting: LHB António Ramos
|
0-0: Called Strike 0-1: Fly out, F8 (Line Drive, 8LD)
|
Top of the 1st over - 1 run(s), 2 hit(s), 0 error(s), 2 left on base; Panama City 1 - Oakland 0 |
BOTTOM OF THE 1ST |
Oakland Oaks batting - Pitching for Panama City Piranhas : RHP John Dempsey
|
Pitching: RHP John Dempsey
|
|
Batting: LHB Mal Wadley
|
0-0: Called Strike 0-1: Ball 1-1: Ground out 6-3 (Groundball, 56)
|
Batting: RHB Micah Coffey
|
0-0: Ball 1-0: Fly out, F8 (Line Drive, 8LXD)
|
Batting: LHB Jorge Vargas
|
0-0: Ball 1-0: Called Strike 1-1: Swinging Strike 1-2: Ground out U3 (Groundball, 34)
|
Bottom of the 1st over - 0 run(s), 0 hit(s), 0 error(s), 0 left on base; Panama City 1 - Oakland 0 |
TOP OF THE 2ND |
Panama City Piranhas batting - Pitching for Oakland Oaks : RHP José García
|
Batting: LHB Floyd Long
|
0-0: Called Strike 0-1: Ball 1-1: Foul Ball, location: 2F 1-2: Ball 2-2: Fly out, F7 (Line Drive, 7)
|
Batting: RHB Rob Gray
|
0-0: Called Strike 0-1: Ball 1-1: Ball 2-1: Swinging Strike 2-2: Strikes out swinging
|
Batting: RHB Raúl Ortíz
|
0-0: Foul Ball, location: 2F 0-1: Ball 1-1: Foul Ball, location: 2F 1-2: Ball 2-2: Foul Ball, location: 2F 2-2: Foul Ball, location: 2F 2-2: Foul Ball, location: 2F 2-2: Fly out, F9 (Flyball, 9LM)
|
Top of the 2nd over - 0 run(s), 0 hit(s), 0 error(s), 0 left on base; Panama City 1 - Oakland 0 |
BOTTOM OF THE 2ND |
Oakland Oaks batting - Pitching for Panama City Piranhas : RHP John Dempsey
|
Batting: LHB Todd Williams
|
0-0: Called Strike 0-1: Ball 1-1: Ball 2-1: Foul Ball, location: 2F 2-2: Ball 3-2: Foul Ball, location: 2F 3-2: Foul Ball, location: 2F 3-2: Foul Ball, location: 2F 3-2: Strikes out looking
|
Batting: RHB Joe Phillips
|
0-0: Ball 1-0: Called Strike 1-1: Foul Ball, location: 2F 1-2: Strikes out swinging
|
Batting: LHB Pedro Tapia
|
0-0: Called Strike 0-1: Ground out U3 (Groundball, 3L)
|
Bottom of the 2nd over - 0 run(s), 0 hit(s), 0 error(s), 0 left on base; Panama City 1 - Oakland 0 |
TOP OF THE 3RD |
Panama City Piranhas batting - Pitching for Oakland Oaks : RHP José García
|
Batting: RHB Juan Jose Ayala
|
0-0: Ball 1-0: SINGLE (Line Drive, 34)
|
Batting: LHB Herman Hayes
|
0-0: Swinging Strike 0-1: Ball 1-1: Called Strike 1-2: Strikes out looking
|
Batting: RHB Cale Sutton
|
0-0: Foul Ball, location: 2F 0-1: Swinging Strike 0-2: Ball 1-2: Fielders Choice at 2nd, 4-6 (Groundball, 4)
|
Batting: LHB Robert Adams
|
0-0: Foul Ball, location: 2F 0-1: SINGLE (Flyball, 9LM) Cale Sutton to second Runner from 2nd tries for 3rd, SAFE, throw made to third
|
Batting: LHB Sergio Muñóz
|
0-0: Called Strike 0-1: Called Strike 0-2: Ball 1-2: Ball 2-2: Foul Ball, location: 2F 2-2: Fly out, F9 (Flyball, 9S)
|
Top of the 3rd over - 0 run(s), 2 hit(s), 0 error(s), 2 left on base; Panama City 1 - Oakland 0 |
BOTTOM OF THE 3RD |
Oakland Oaks batting - Pitching for Panama City Piranhas : RHP John Dempsey
|
Batting: RHB Manuel Rodríguez
|
0-0: SINGLE (Groundball, 56) (infield hit)
|
Batting: LHB Jesús Quintanilla
|
0-0: Called Strike 0-1: Called Strike 0-2: Ball 1-2: Ball 2-2: SINGLE (Groundball, 5D) Manuel Rodríguez to second
|
Batting: RHB Ricardo Téllez
|
0-0: Ball 1-0: Foul Ball, location: 2F 1-1: Called Strike 1-2: Grounds into double play, 6-4-3 (Groundball, 6) Manuel Rodríguez to third
|
Batting: LHB Mal Wadley
|
0-0: Foul Ball, location: 2F 0-1: Ball 1-1: Ball 2-1: SINGLE (Groundball, 4S) (infield hit) Manuel Rodríguez scores
|
Batting: RHB Micah Coffey
|
0-0: Ball 1-0: Foul Ball, location: 2F 1-1: Called Strike 1-2: Fly out, F8 (Flyball, 8LD)
|
Bottom of the 3rd over - 1 run(s), 3 hit(s), 0 error(s), 1 left on base; Panama City 1 - Oakland 1 |
TOP OF THE 4TH |
Panama City Piranhas batting - Pitching for Oakland Oaks : RHP José García
|
Batting: LHB António Ramos
|
0-0: Ball 1-0: Called Strike 1-1: Foul Ball, location: 2F 1-2: Strikes out swinging
|
Batting: LHB Floyd Long
|
0-0: Called Strike 0-1: Ball 1-1: SINGLE (Groundball, 56D)
|
Pitching: LHP José Reyna
|
|
Batting: RHB Rob Gray
|
0-0: Ball 1-0: Ball 2-0: Foul Ball, location: 2F 2-1: Ball 3-1: Swinging Strike 3-2: Foul Ball, location: 2F 3-2: Foul Ball, location: 2F 3-2: Base on Balls Floyd Long to second
|
Batting: RHB Raúl Ortíz
|
0-0: Ball 1-0: Foul Ball, location: 2F 1-1: Called Strike 1-2: Fielders Choice at 2nd, 4-6 (Groundball, 4M) Floyd Long to third
|
Batting: RHB Juan Jose Ayala
|
0-0: Ball 1-0: Foul Ball, location: 2F 1-1: Ball 2-1: Swinging Strike 2-2: Foul Ball, location: 2F 2-2: Strikes out swinging
|
Top of the 4th over - 0 run(s), 1 hit(s), 0 error(s), 2 left on base; Panama City 1 - Oakland 1 |
BOTTOM OF THE 4TH |
Oakland Oaks batting - Pitching for Panama City Piranhas : RHP John Dempsey
|
Batting: LHB Jorge Vargas
|
0-0: Fly out, F8 (Flyball, 8LM)
|
Batting: LHB Todd Williams
|
0-0: Ball 1-0: Ball 2-0: Called Strike 2-1: Swinging Strike 2-2: Foul Ball, location: 2F 2-2: Foul Ball, location: 2F 2-2: Ball 3-2: Foul Ball, location: 2F 3-2: Foul Ball, location: 2F 3-2: Base on Balls
|
Pitching: RHP Tobías Pérez
|
|
Batting: RHB Joe Phillips
|
0-0: Ball 1-0: Foul Ball, location: 2F 1-1: Foul Ball, location: 2F 1-2: Grounds into double play, 5-4-3 (Groundball, 5)
|
Bottom of the 4th over - 0 run(s), 0 hit(s), 0 error(s), 0 left on base; Panama City 1 - Oakland 1 |
TOP OF THE 5TH |
Panama City Piranhas batting - Pitching for Oakland Oaks : LHP José Reyna
|
Batting: LHB Herman Hayes
|
0-0: Ball 1-0: Fly out, F8 (Flyball, 8RM)
|
Batting: RHB Cale Sutton
|
0-0: Ball 1-0: Swinging Strike 1-1: Ball 2-1: Ground out 1-3 (Groundball, P)
|
Batting: LHB Robert Adams
|
0-0: Ball 1-0: Fly out, F9 (Flyball, 9D)
|
Top of the 5th over - 0 run(s), 0 hit(s), 0 error(s), 0 left on base; Panama City 1 - Oakland 1 |
BOTTOM OF THE 5TH |
Oakland Oaks batting - Pitching for Panama City Piranhas : RHP Tobías Pérez
|
Batting: LHB Pedro Tapia
|
0-0: Foul Ball, location: 2F 0-1: Called Strike 0-2: Foul Ball, location: 2F 0-2: Strikes out looking
|
Batting: RHB Manuel Rodríguez
|
0-0: Called Strike 0-1: Swinging Strike 0-2: Strikes out swinging
|
Batting: LHB Jesús Quintanilla
|
0-0: Ball 1-0: Ground out 3-1 (Groundball, 34)
|
Bottom of the 5th over - 0 run(s), 0 hit(s), 0 error(s), 0 left on base; Panama City 1 - Oakland 1 |
TOP OF THE 6TH |
Panama City Piranhas batting - Pitching for Oakland Oaks : LHP José Reyna
|
Batting: LHB Sergio Muñóz
|
0-0: Called Strike 0-1: Called Strike 0-2: Ball 1-2: SINGLE (Line Drive, 8RM)
|
Batting: LHB António Ramos
|
0-0: Called Strike 0-1: Ball 1-1: Ball 2-1: Foul Ball, location: 2F 2-2: Fly out, F7 (Flyball, 7D)
|
Batting: LHB Floyd Long
|
0-0: Foul Ball, location: 2F 0-1: Ball 1-1: Ball 2-1: SINGLE (Line Drive, 9LS) Sergio Muñóz to second Runner from 2nd tries for 3rd, SAFE, throw made to third
|
Batting: RHB Rob Gray
|
0-0: 3-RUN HOME RUN (Flyball, 7LD), Distance : 350 ft
|
Pitching: RHP Júlio Saldaña
|
|
Batting: RHB Raúl Ortíz
|
0-0: Ball 1-0: Ball 2-0: Ball 3-0: Base on Balls
|
Pinch Hitting: RHB Armando Alvarado
|
0-0: Foul Ball, location: 2F 0-1: Ball 1-1: Ball 2-1: Ball 3-1: Foul Ball, location: 2F 3-2: Foul Ball, location: 2F 3-2: Base on Balls Raúl Ortíz to second
|
Pinch Hitting: SHB Marc Talamante
|
0-0: Called Strike 0-1: SINGLE (Line Drive, 9S) Raúl Ortíz to third Armando Alvarado to second
|
Pinch Hitting: RHB Fernando Silva
|
0-0: Foul Ball, location: 2F 0-1: Fielders Choice at 2nd, 4-6 (Groundball, 4) Raúl Ortíz scores Armando Alvarado to third
|
Pinch Hitting: LHB Jack Sutherland
|
0-0: Called Strike 0-1: Swinging Strike 0-2: Ball 1-2: Strikes out looking
|
Top of the 6th over - 4 run(s), 4 hit(s), 0 error(s), 2 left on base; Panama City 5 - Oakland 1 |
BOTTOM OF THE 6TH |
Oakland Oaks batting - Pitching for Panama City Piranhas : RHP Tobías Pérez
|
Now at 3B: Luis Alomar
|
|
Now at SS: Armando Alvarado
|
|
Now in LF: Marc Talamante
|
|
Now in CF: Fernando Silva
|
|
Batting: RHB Ricardo Téllez
|
0-0: Ball 1-0: Ball 2-0: Called Strike 2-1: Foul Ball, location: 2F 2-2: SINGLE (Groundball, 56D)
|
Batting: LHB Mal Wadley
|
0-0: Fly out, F7 (Flyball, 78S)
|
Batting: RHB Micah Coffey
|
0-0: Ball 1-0: Called Strike 1-1: SINGLE (Line Drive, 89S) Ricardo Téllez to second
|
Batting: LHB Jorge Vargas
|
0-0: Swinging Strike 0-1: Foul Ball, location: 2F 0-2: Foul Ball, location: 2F 0-2: Foul Ball, location: 2F 0-2: Ball Wild Pitch! Ricardo Téllez to third Micah Coffey to second 1-2: Fly out, F9 (Flyball, 9LS) Runner from 3rd tags up, SCORES, throw made
|
Batting: LHB Todd Williams
|
0-0: Foul Ball, location: 2F 0-1: Ball 1-1: Swinging Strike 1-2: Strikes out looking
|
Bottom of the 6th over - 1 run(s), 2 hit(s), 0 error(s), 1 left on base; Panama City 5 - Oakland 2 |
TOP OF THE 7TH |
Panama City Piranhas batting - Pitching for Oakland Oaks : RHP Júlio Saldaña
|
Pinch Hitting: RHB Lorenzo Rosas
|
0-0: Ball 1-0: Called Strike 1-1: Called Strike 1-2: Strikes out looking
|
Pitching: RHP Seb Alport
|
|
Batting: LHB António Ramos
|
0-0: Called Strike 0-1: Called Strike 0-2: Strikes out swinging
|
Pinch Hitting: RHB Bryce Bancroft
|
0-0: Called Strike 0-1: Ball 1-1: Ball 2-1: Swinging Strike 2-2: Strikes out looking
|
Top of the 7th over - 0 run(s), 0 hit(s), 0 error(s), 0 left on base; Panama City 5 - Oakland 2 |
BOTTOM OF THE 7TH |
Oakland Oaks batting - Pitching for Panama City Piranhas : RHP Tobías Pérez
|
Now at 1B: Lorenzo Rosas
|
|
Now in RF: Roy Childress
|
|
Batting: RHB Joe Phillips
|
0-0: Foul Ball, location: 2F 0-1: Ground out 4-3 (Groundball, 4)
|
Batting: LHB Pedro Tapia
|
0-0: Called Strike 0-1: Foul Ball, location: 2F 0-2: Strikes out swinging
|
Batting: RHB Manuel Rodríguez
|
0-0: Called Strike 0-1: Swinging Strike 0-2: Ground out 1-3 (Groundball, P)
|
Bottom of the 7th over - 0 run(s), 0 hit(s), 0 error(s), 0 left on base; Panama City 5 - Oakland 2 |
TOP OF THE 8TH |
Panama City Piranhas batting - Pitching for Oakland Oaks : RHP Seb Alport
|
Batting: RHB David Sánchez
|
0-0: Ground out 5-3 (Groundball, 56)
|
Pinch Hitting: RHB Tim Barnes
|
0-0: Ball 1-0: Fly out, F9 (Flyball, 9)
|
Batting: RHB Armando Alvarado
|
0-0: Ball 1-0: Fly out, F7 (Line Drive, 78M)
|
Top of the 8th over - 0 run(s), 0 hit(s), 0 error(s), 0 left on base; Panama City 5 - Oakland 2 |
BOTTOM OF THE 8TH |
Oakland Oaks batting - Pitching for Panama City Piranhas : RHP Tobías Pérez
|
Now at 2B: Tim Barnes
|
|
Batting: LHB Jesús Quintanilla
|
0-0: Foul Ball, location: 2F 0-1: Foul Ball, location: 2F 0-2: Ball 1-2: SINGLE (Groundball, 4MD)
|
Batting: RHB Ricardo Téllez
|
0-0: Ball 1-0: Swinging Strike 1-1: Ball 2-1: Swinging Strike 2-2: Foul Ball, location: 2F 2-2: Grounds into double play, 5-4-3 (Groundball, 56)
|
Pinch Hitting: LHB Todd Henry
|
0-0: Ball 1-0: Ball 2-0: Ball 3-0: Called Strike 3-1: Foul Ball, location: 2F 3-2: Fly out, F9 (Flyball, 9LS)
|
Bottom of the 8th over - 0 run(s), 1 hit(s), 0 error(s), 0 left on base; Panama City 5 - Oakland 2 |
TOP OF THE 9TH |
Panama City Piranhas batting - Pitching for Oakland Oaks : RHP Seb Alport
|
Pitching: RHP José Caballero
|
|
Now at 1B: Todd Henry
|
|
Batting: SHB Marc Talamante
|
0-0: Ball 1-0: Called Strike 1-1: Called Strike 1-2: Foul Ball, location: 2F 1-2: Ball 2-2: Foul Ball, location: 2F 2-2: SOLO HOME RUN (Flyball, 9LD), Distance : 352 ft
|
Batting: RHB Fernando Silva
|
0-0: Called Strike 0-1: Foul Ball, location: 2F 0-2: Ball 1-2: Ball 2-2: Ground out 6-3 (Groundball, 6)
|
Batting: RHB Luis Alomar
|
0-0: Ball 1-0: Foul Ball, location: 2F 1-1: Ball 2-1: Ball 3-1: Ground out 5-3 (Groundball, 56)
|
Batting: RHB Lorenzo Rosas
|
0-0: Called Strike 0-1: Fly out, F7 (Flyball, 78S)
|
Top of the 9th over - 1 run(s), 1 hit(s), 0 error(s), 0 left on base; Panama City 6 - Oakland 2 |
BOTTOM OF THE 9TH |
Oakland Oaks batting - Pitching for Panama City Piranhas : RHP Tobías Pérez
|
Pitching: RHP Roberto Cabrera
|
|
Pinch Hitting: LHB Edwin Church
|
0-0: Ball 1-0: Ball 2-0: Fly out, F9 (Flyball, 9S)
|
Batting: LHB Jorge Vargas
|
0-0: Ball 1-0: Called Strike 1-1: SINGLE (Line Drive, 8LS)
|
Pinch Hitting: RHB Simon Yusaf Khel
|
0-0: Ball Balk! Jorge Vargas to second 1-0: Foul Ball, location: 2F 1-1: Ball 2-1: Foul Ball, location: 2F 2-2: Strikes out swinging
|
Pinch Hitting: RHB Tetsunori Kimura
|
0-0: Called Strike 0-1: Fly out, F9 (Flyball, 89M)
|
Bottom of the 9th over - 0 run(s), 1 hit(s), 0 error(s), 1 left on base; Panama City 6 - Oakland 2 |
|